 Dungeon Crawl Stone Soup version 0.30-a0-339-g89bb51ec76 (webtiles) character file.

Game seed: 12277738581559623001

7339 Lobster4 the Frost Mage (level 11, -2/84 HPs)
             Began as a Human Ice Elementalist on Oct 31, 2022.
             Was a Priest of Sif Muna.
             Slain by Snorg (21 damage)
             ... on level 10 of the Dungeon.
             The game lasted 00:51:08 (12974 turns).

Lobster4 the Frost Mage (Human Ice Elementalist)   Turns: 12974, Time: 00:51:09

Health: -2/84      AC: 14    Str:  8    XL:     11   Next: 35%
Magic:  9/21       EV: 16    Int: 19    God:    Sif Muna [***...]
Gold:   616        SH:  0    Dex: 15    Spells: 9/23 levels left

rFire   + . .      SeeInvis .    a - +2 trident (freeze)
rCold   . . .      Faith    .    (no shield)
rNeg    . . .      Spirit   .    V - +0 leather armour
rPois   .          Reflect  .    (helmet currently unavailable)
rElec   .          Harm     .    (no cloak)
rCorr   .          Rampage  .    e - +2 pair of gloves
Will    .....                    (boots currently unavailable)
Stlth   ++........               (no amulet)
HPRegen 0.34/turn                B - ring of protection from fire
MPRegen 0.17/turn                M - +4 ring of evasion

@: ice-armoured, appendages, freezing walls
A: horns 2, talons 2
a: End Transformation, Renounce Religion, Channel Magic, Forget Spell


You were on level 10 of the Dungeon.
You worshipped Sif Muna.
Sif Muna was most pleased with you.
You had temporarily grown beastly horns and talons.
You visited 2 branches of the dungeon, and saw 12 of its levels.

You collected 616 gold pieces.

Inventory:

Hand Weapons
 a - a +2 trident of freezing (weapon)
 D - a +0 war axe
 N - a +4 flail
 P - a +0 long sword
Missiles
 d - 81 stones
 h - 4 boomerangs
 n - 19 poisoned darts (quivered)
 q - 2 throwing nets
 A - 5 datura-tipped darts
 W - 3 curare-tipped darts
Armour
 e - a +2 pair of gloves (worn)
 m - a +0 kite shield
 t - the +0 helmet of the Equinox (melded) {rF- Int+8}
   (You found it on level 2 of the Dungeon)

   Int:       It affects your intelligence (+8).
   rF:        It makes you vulnerable to fire.
 y - a +0 ring mail
 U - a scarf of invisibility
 V - a +0 leather armour (worn)
Magical Staves
 E - a staff of air
 I - a staff of conjuration
Jewellery
 r - the ring of Lexit {Fire Contam rCorr Int+7 Stlth+}
   (You found it on level 8 of the Dungeon)

   [ring of fire]

   It enhances your fire magic.
   Int:       It affects your intelligence (+7).
   rF:        It protects you from fire.
   rC:        It makes you vulnerable to cold.
   Contam:    It causes magical contamination when unequipped.
   rCorr:     It protects you from acid and corrosion.
   Stlth:     It makes you more stealthy.
 B - a ring of protection from fire (left hand)
 L - a ring of see invisible
 M - a +4 ring of evasion (right hand)
 X - a +4 ring of protection
 Y - the ring "Kousy" {Ice Drain Str+2 Int+3}
   (You found it on level 10 of the Dungeon)

   [ring of ice]

   It enhances your ice magic.
   Str:       It affects your strength (+2).
   Int:       It affects your intelligence (+3).
   rF:        It makes you vulnerable to fire.
   rC:        It protects you from cold.
   Drain:     It drains your maximum health when unequipped.
Wands
 O - a wand of flame (32)
 Q - a wand of digging (2)
Scrolls
 g - a scroll of poison
 i - a scroll of teleportation
 j - 2 scrolls of blinking {unknown}
 k - a scroll of enchant weapon {unknown}
 l - 2 scrolls of butterflies
 s - a scroll of silence {unknown}
 u - a scroll of fear {unknown}
 w - 4 scrolls of noise {unknown}
 x - a scroll of vulnerability {unknown}
 C - 3 scrolls of magic mapping
 J - a scroll of enchant armour
 K - a scroll of brand weapon {unknown}
 S - a scroll of immolation {unknown}
 T - a scroll of torment {unknown}
Potions
 b - 2 potions of magic
 f - a potion of lignification
 o - 4 potions of curing
 p - 4 potions of heal wounds
 v - 6 potions of berserk rage
 z - a potion of resistance
 F - 4 potions of haste
 G - 2 potions of brilliance
 H - a potion of might
 R - a potion of mutation
Miscellaneous
 c - a condenser vane


   Skills:
 - Level 7.0 Fighting
 - Level 1.0 Throwing
 + Level 5.5 Armour
 - Level 3.0 Dodging
 - Level 2.0 Stealth
 + Level 5.3 Shields
 + Level 6.6 Spellcasting
 + Level 4.0 Conjurations
 - Level 3.0 Transmutations
 + Level 8.1 Ice Magic
 - Level 3.0 Air Magic
 + Level 4.1 Invocations
 - Level 3.0 Evocations


You had 9 spell levels left.
You knew the following spells:

 Your Spells              Type           Power      Damage    Failure   Level
a - Freeze                Ice            100%       1d10      1%          1
b - Frozen Ramparts       Ice            74%        1d12      1%          3
c - Ozocubu's Armour      Ice            37%        N/A       1%          3
d - Shock                 Conj/Air       76%        1d7       3%          1
e - Wereblood             Tmut           17%        N/A       6%          2
f - Hailstorm             Conj/Ice       29%        3d8       3%          3
g - Beastly Appendage     Tmut           34%        N/A       4%          1

Your spell library contained the following spells:

 Spells                   Type           Power      Damage    Failure   Level
 Mephitic Cloud           Conj/Pois/Air  15%        N/A       16%         3
 Spider Form              Tmut/Pois      12%        N/A       22%         3
 Vhi's Electric Charge    Tloc/Air       24%        N/A       22%         3
 Summon Ice Beast         Ice/Summ       21%        N/A       26%         4
 Ignite Poison            Fire/Tmut/Pois 10%        N/A       28%         3
 Gell's Gravitas          Tloc           6%         N/A       38%         3
 Lesser Beckoning         Tloc           12%        N/A       38%         3
 Teleport Other           Tloc           6%         N/A       38%         3
 Sticky Flame             Conj/Fire      14%        2d4       52%         4
 Summon Lightning Spire   Summ/Air       12%        N/A       58%         4
 Ignition                 Fire           3%         3d4       100%        8
 Chain Lightning          Conj/Air       9%         3d12      100%        9


Dungeon Overview and Level Annotations

Branches:
Dungeon (11/15)            Temple (1/1) D:4            Lair (0/5) D:8
    Orc: D:9-12

Altars:
Ashenzari
Cheibriados
Dithmenos
Elyvilon
Fedhas
Gozag
Hepliaklqana
Kikubaaqudgha
Makhleb
Nemelex Xobeh
Okawaru
Qazlal
Ru
Sif Muna
Trog
Uskayaw
Vehumet
Wu Jian
Xom
Yredelemnul
Zin
The Shining One

Annotations:
D:10 Snorg
D:11 Erolcha


Innate Abilities, Weirdness & Mutations

You have temporarily grown beastly horns and talons.


Message History

Casting: Freeze (safe; 1% risk of failure)
Confirm with . or Enter, or press ? or * to list all spells.
Aiming: Freeze (safe; 1% risk of failure)
Press: ? - help, Shift-Dir - straight line, f/p - Snorg
Aim: Snorg (heavily wounded, berserk, poisoned)
You freeze Snorg.
Snorg is heavily wounded.
The wall freezes Snorg.
Snorg barely misses you. Snorg claws you but does no damage.
Snorg closely misses you.
Casting: Freeze (safe; 1% risk of failure)
Confirm with . or Enter, or press ? or * to list all spells.
Aiming: Freeze (safe; 1% risk of failure)
Press: ? - help, Shift-Dir - straight line, f/p - Snorg
Aim: Snorg (heavily wounded, berserk, poisoned)
You freeze Snorg.
Snorg is heavily wounded.
The wall freezes Snorg!
Snorg misses you. Snorg claws you but does no damage. Snorg closely misses you.
The wall freezes Snorg!
Snorg bites you.
* * * LOW HITPOINT WARNING * * *
Snorg misses you. Snorg claws you.
* * * LOW HITPOINT WARNING * * *
Casting: Freeze (safe; 1% risk of failure)
Confirm with . or Enter, or press ? or * to list all spells.
Aiming: Freeze (safe; 1% risk of failure)
Press: ? - help, Shift-Dir - straight line, f/p - Snorg
Aim: Snorg (severely wounded, berserk, poisoned)
You freeze Snorg!
Snorg is severely wounded.
The wall freezes Snorg.
Snorg bites you but does no damage. Snorg completely misses you.
Snorg claws you.
* * * LOW HITPOINT WARNING * * *
Casting: Freeze (safe; 1% risk of failure)
Confirm with . or Enter, or press ? or * to list all spells.
Aiming: Freeze (safe; 1% risk of failure)
Press: ? - help, Shift-Dir - straight line, f/p - Snorg
Aim: Snorg (severely wounded, berserk, poisoned)
You freeze Snorg.
Snorg is severely wounded.
The wall freezes Snorg.
Snorg bites you!!
You die...

........##.....####.......####
.......<##....## #.......#
##########...## #.......#
#..## #.......# #+## #.......#
# #####.### #( #.#
##.############.#
####...T@..........#
........############ #.##....#
##.#.# #.#.# ....# ## ###


You could see Snorg (berserk, poisoned).

Vanquished Creatures
  A two-headed ogre (D:9)
  Pikel (D:9)
  Sigmund (D:5)
  A wraith (D:10)
  5 yaks
  A wyvern (D:9)
  2 shadows
  A steam dragon (D:8)
  10 vampire mosquitoes (D:10)
  2 water moccasins (D:5)
  2 orc warriors
  2 ice beasts
  2 black bears
  2 lemures (D:9)
  2 phantoms
  A kobold brigand (D:7)
  4 bullfrogs
  3 gnoll sergeants
  A necrophage (D:6)
  3 scorpions
  9 wights
  A howler monkey (D:8)
  A jelly (D:5)
  6 hounds
  2 orc priests
  5 gnoll boudas
  7 orc wizards
  6 iguanas
  11 adders
  29 gnolls
  3 white imps
  3 ufetubi
  2 worms
  4 dart slugs
  20 orcs
  9 ball pythons
  6 bats
  8 endoplasms
  2 giant cockroaches
  12 goblins
  6 hobgoblins
  A jackal (D:4)
  3 quokkas
  3 frilled lizards
  6 kobolds
  4 rats
216 creatures vanquished.

Notes
Turn   | Place    | Note
-------+----------+-------------------------------------------
     0 | D:1      | Lobster4 the Human Ice Elementalist began the quest for the
                  | Orb.
     0 | D:1      | Reached XP level 1. HP: 13/13 MP: 3/3
   179 | D:1      | Reached XP level 2. HP: 13/20 MP: 0/5
   245 | D:1      | Found a faded altar of an unknown god.
   683 | D:1      | Reached XP level 3. HP: 23/25 MP: 6/6
  1253 | D:2      | Reached skill level 1 in Armour
  1410 | D:2      | Reached skill level 1 in Fighting
  1494 | D:2      | Identified the +0 helmet of the Equinox {rF- Int+8}
  1539 | D:2      | Reached XP level 4. HP: 32/32 MP: 1/7
  2225 | D:3      | Learned a level 3 spell: Frozen Ramparts
  2229 | D:3      | Learned a level 3 spell: Ozocubu's Armour
  2237 | D:3      | Reached skill level 1 in Shields
  2237 | D:3      | Reached XP level 5. HP: 36/37 MP: 5/8
  2422 | D:3      | Found a broken altar of Ashenzari.
  2887 | D:4      | Found an opulent altar of Gozag.
  3259 | D:4      | Found a stormy altar of Qazlal.
  3348 | D:4      | Found a glowing silver altar of Zin.
  3422 | D:4      | Reached XP level 6. HP: 44/44 MP: 6/10
  3903 | D:4      | Learned a level 1 spell: Beastly Appendage
  3942 | D:4      | Found a staircase to the Ecumenical Temple.
  3948 | Temple   | Entered the Ecumenical Temple
  3953 | Temple   | Became a worshipper of Sif Muna the Loreminder
  4171 | D:5      | Entered Level 5 of the Dungeon
  4177 | D:5      | Noticed Sigmund
  4182 | D:5      | Reached XP level 7. HP: 47/51 MP: 7/11
  4183 | D:5      | Killed Sigmund
  4184 | D:5      | Reached skill level 5 in Ice Magic
  4184 | D:5      | Reached skill level 1 in Invocations
  4379 | D:5      | Reached skill level 1 in Transmutations
  4848 | D:5      | Reached XP level 8. HP: 58/58 MP: 6/13
  4907 | D:5      | Found an ancient bone altar of Kikubaaqudgha.
  5061 | D:5      | Learned a level 2 spell: Wereblood
  5065 | D:5      | Learned a level 3 spell: Hailstorm
  5110 | D:5      | Reached skill level 1 in Conjurations
  5193 | D:5      | Got the Tome of Ozone
  5197 | D:5      | Learned a level 1 spell: Shock
  5628 | D:5      | Reached skill level 1 in Air Magic
  6175 | D:6      | Noticed a yak
  6175 | D:6      | Noticed a yak
  6175 | D:6      | Noticed a yak
  6175 | D:6      | Noticed a yak
  6175 | D:6      | Noticed a yak
  6455 | D:5      | Reached * piety under Sif Muna
  6518 | D:5      | Killed a yak
  6519 | D:5      | Reached XP level 9. HP: 65/65 MP: 3/15
  6527 | D:5      | Reached skill level 1 in Throwing
  6701 | D:5      | Reached skill level 1 in Evocations
  6948 | D:6      | Reached skill level 6 in Ice Magic
  8080 | D:7      | Found a sparkling altar of Nemelex Xobeh.
  8116 | D:7      | Reached XP level 10. HP: 64/73 MP: 9/17
  8294 | D:7      | Reached ** piety under Sif Muna
  8554 | D:7      | Found a snail-covered altar of Cheibriados.
  8715 | D:7      | Found a basalt altar of Yredelemnul.
  8782 | D:7      | Found a glowing golden altar of the Shining One.
  8784 | D:7      | Noticed an angel
  8821 | D:7      | Reached skill level 5 in Fighting
  8932 | D:7      | Found a shadowy altar of Dithmenos.
  9110 | D:8      | Found a staircase to the Lair.
  9121 | D:8      | Reached skill level 5 in Spellcasting
  9205 | D:8      | You fall into a shaft and drop 3 floors!
  9229 | D:11     | Noticed Erolcha
  9232 | D:10     | Entered Level 10 of the Dungeon
  9356 | D:8      | Reached skill level 5 in Armour
  9360 | D:8      | HP: 2/68 [wight/+2 halberd of venom (7)]
  9542 | D:8      | HP: 3/62 [wight/+2 halberd of venom (2)]
  9743 | D:8      | Identified the ring of Lexit {Fire Contam rCorr Int+7
                  | Stlth+}
  9824 | D:8      | Reached skill level 5 in Shields
  9943 | D:8      | Found a sacrificial altar of Ru.
  9944 | D:8      | Found a radiant altar of Vehumet.
 10568 | D:9      | Noticed Pikel
 10577 | D:9      | Killed Pikel
 10578 | D:9      | Reached skill level 7 in Ice Magic
 10747 | D:9      | Noticed a two-headed ogre
 10760 | D:9      | Killed a two-headed ogre
 11301 | D:10     | Noticed an orc knight
 11306 | D:10     | Noticed a manticore
 11394 | D:10     | Reached XP level 11. HP: 43/83 MP: 18/20
 11912 | D:10     | Reached *** piety under Sif Muna
 12613 | D:10     | Reached skill level 8 in Ice Magic
 12862 | D:10     | Identified the ring "Kousy" {Ice Drain Str+2 Int+3}
 12962 | D:10     | Noticed Snorg
 12974 | D:10     | Slain by Snorg

Illustrated notes

Levels and vault maps discovered:
D:1:      wheals_arrival_linesprint, layout_basic,
          shapermc_ecumenical_altar_totnotflames
D:2:      layout_rooms, minmay_small_reverse_x
D:3:      layout_rooms, nicolae_overflow_crystal_walls
D:4:      layout_loops_ring, grunt_qazlal_sundering,
          mainiacjoe_overflow_boulevard, zin_treasury,
          minmay_temple_entry_enclosed_plants, minmay_fractal_squares_gapless_5
D:5:      layout_basic, mainiacjoe_overflow_small_starburst,
          minmay_increasing_density, uniq_sigmund
D:6:      layout_rooms
D:7:      layout_cave_pools, grunt_temple_overflow_holy_war,
          kennysheep_slug_shrine, grunt_dithmenos_smoke_and_mirrors,
          nemelex_xobeh_ov_fountains_minmay
D:8:      layout_cave_pools, gammafunk_temple_overflow_statue, lair_entry_dummy,
          chequers_serial_rivers_micro_e, uniq_maggie
D:9:      layout_roguey, uniq_pikel
D:10:     cheibrodos_elevator_heist, layout_loops_corners, serial_park_tiny_2,
          kennysheep_big_empty_room, uniq_snorg
D:11:     layout_rooms, serial_ice, serial_ice_n, serial_ice_j, serial_ice_e,
          serial_ice_o, portal_ice_cave_entry_ice_simulacra,
          nicolae_two_hexagons, uniq_amaemon, uniq_fannar, uniq_erolcha
Temple:   hellmonk_temple_micro_hex

Skill      XL: |  1  2  3  4  5  6  7  8  9 10 11 |
---------------+----------------------------------+-----
Armour         | 1 2 3 4 5 |  5.5
Fighting       | 1 2 3 4 6 7 |  7.0
Shields        | 1 2 3 4 5 |  5.3
Dodging        | 3 |  3.0
Spellcasting   | 3 4 6 |  6.6
Ice Magic      | 5 6 7 8 |  8.1
Invocations    | 1 2 3 4 |  4.1
Transmutations | 1 2 3 |  3.0
Conjurations   | 2 3 4 |  4.0
Air Magic      | 1 2 3 |  3.0
Throwing       | 1 |  1.0
Evocations     | 2 3 |  3.0
Stealth        | |  2.0

Action                   |  1- 3 |  4- 6 |  7- 9 | 10-12 || total
-------------------------+-------+-------+-------+-------++-------
Melee: Club              |     8 |       |       |       ||     8
       Hand axe          |    28 |    34 |       |       ||    62
       Falchion          |       |    16 |       |       ||    16
       Long sword        |       |     4 |    24 |       ||    28
       Punch             |       |     1 |       |     4 ||     5
       Kick              |       |       |     3 |    31 ||    34
       Headbutt          |       |       |     2 |    12 ||    14
       Trident           |       |       |       |    86 ||    86
       Flail             |       |       |       |    22 ||    22
Throw: Stone             |    14 |       |       |       ||    14
       Dart              |     8 |    44 |    36 |    10 ||    98
       Boomerang         |       |       |       |     3 ||     3
 Cast: Freeze            |    41 |    43 |    42 |    33 ||   159
       Frozen Ramparts   |       |     9 |    22 |    16 ||    47
       Ozocubu's Armour  |       |       |    17 |    20 ||    37
       Beastly Appendage |       |       |     3 |    12 ||    15
       Shock             |       |       |    95 |   126 ||   221
       Hailstorm         |       |       |     1 |     3 ||     4
  Use: Scroll            |       |     5 |     5 |     7 ||    17
       Potion            |       |       |       |     5 ||     5
 Stab: Sleeping          |     2 |     4 |       |       ||     6
Armor: Robe              |    17 |    17 |    28 |    28 ||    90
       Leather armour    |       |       |       |    33 ||    33
Dodge: Dodged            |    48 |    60 |    61 |   150 ||   319

Table legend: (Time is in decaauts)
 A = Elapsed time spent in this place.
 B = Non-inter-level travel time spent in this place.
 C = Inter-level travel time spent in this place.
 D = Time resting spent in this place.
 E = Time spent auto-exploring this place.
 F = Levels seen in this place.
 G = Mean time per level.
                   A        B        C        D        E       F      G
               +--------+--------+--------+--------+--------+-----+--------+
         Total |  13076 |  12160 |    916 |   4017 |   5861 |  12 | 1089.7 |
       Dungeon |  13066 |  12154 |    912 |   4017 |   5861 |  11 | 1187.8 |
        Temple |     10 |      6 |      4 |      0 |      0 |   1 |   10.0 |
               +--------+--------+--------+--------+--------+-----+--------+

Top non-repeatable levels by time:
     D:5: 2577 daAuts
    D:10: 1719 daAuts
     D:4: 1428 daAuts
     D:7: 1396 daAuts
     D:6: 1244 daAuts
     D:1: 1211 daAuts
     D:9: 1040 daAuts
     D:2: 911 daAuts
     D:3: 783 daAuts
     D:8: 726 daAuts
    D:11: 26 daAuts
  Temple: 10 daAuts
